 Dungeon Crawl Stone Soup version 0.27-a0-1051-g288ea87c7c (webtiles) character file.

Game seed: 2219511666609841610

434 soylentgreeen202 the Magician (level 7, 0/52 HPs)
             Began as a Djinni Transmuter on Apr 21, 2021.
             Was a Believer of Okawaru.
             Killed from afar by a white imp (7 damage)
             ... with a puff of frost
             ... on level 5 of the Dungeon.
             The game lasted 00:29:55 (3693 turns).

soylentgreeen202 the Magician (Djinni Transmuter)   Turns: 3693, Time: 00:29:56

Health: 0/52       AC:  3    Str: 10    XL:     7   Next: 0%
Gold:   145        EV: 12    Int: 15    God:    Okawaru [**....] SH:  0 Dex: 14

rFire    + + .     SeeInvis .     - Unarmed
rCold    x . .     Faith    .   (no shield)
rNeg     . . .     Spirit   .   a - +0 robe
rPois    ∞         Reflect  .   (helmet currently unavailable)
rElec    .         Harm     .   y - +0 cloak
rCorr    .         Rampage  .   (no gloves)
Will     .....                  (boots unavailable)
Stlth    +.........             d - amulet of regeneration
HPRegen  1.17/turn              (no ring)
MPRegen  0.00/turn              (no ring)

@: appendages, flying
A: horns 2, flying, fire resistance 2, cold vulnerability 1, float, innate
caster, hp casting, extra vitality 1
a: End Transformation, Renounce Religion, Heroism


You were on level 5 of the Dungeon.
You worshipped Okawaru.
Okawaru was pleased with you.
You had temporarily grown beastly horns.
You visited 1 branch of the dungeon, and saw 5 of its levels.

You collected 145 gold pieces.

Inventory:

Hand Weapons
 i - a +0 dagger of electrocution
Missiles
 b - 144 stones
 h - 16 poisoned darts (quivered)
 v - 4 javelins
Armour
 a - a +0 robe (worn)
 t - a +0 leather armour
 y - a +0 cloak (worn)
Magical Staves
 q - a staff of air
Jewellery
 d - an amulet of regeneration (around neck)
Scrolls
 c - 2 scrolls of noise {unknown}
 g - 2 scrolls of summoning {unknown}
 j - 2 scrolls of identify {unknown}
 k - a scroll of fear {unknown}
 r - a scroll of amnesia {unknown}
 s - a scroll of magic mapping {unknown}
 u - 2 scrolls of enchant armour {unknown}
 w - a scroll of vulnerability {unknown}
 x - a scroll of silence {unknown}
Potions
 e - a potion of ambrosia {unknown}
 f - 2 potions of berserk rage {unknown}
 l - a potion of flight {unknown}
 m - a potion of lignification {unknown}
 n - 2 potions of magic {unknown}
 o - a potion of might {unknown}
 p - a potion of curing {unknown}


   Skills:
 - Level 4.0 Fighting
 - Level 0.6 Armour
 - Level 2.1 Dodging
 - Level 4.0 Unarmed Combat
 + Level 4.4 Spellcasting


You couldn't memorise any spells.
You knew the following spells:

 Your Spells              Type           Power      Damage    Failure   Level
a - Beastly Appendage     Tmut           32%        N/A       2%          1
b - Wereblood             Tmut           16%        N/A       4%          2
c - Spider Form           Tmut/Pois      8%         N/A       9%          3
d - Ice Form              Ice/Tmut       16%        N/A       26%         4
e - Hydra Form            Tmut           8%         N/A       58%         5
f - Sting                 Tmut/Pois      64%        1d6       2%          1
g - Passwall              Tmut/Erth      13%        N/A       4%          2
h - Mephitic Cloud        Conj/Pois/Air  16%        N/A       9%          3
Your spell library was empty.

Dungeon Overview and Level Annotations

Branches:
Dungeon (5/15)
 Temple: D:4-7

Altars:
Dithmenos
Hepliaklqana
Nemelex Xobeh
Okawaru
Qazlal

Annotations:
D:4 exclusions: downstairs and 2 more exclusions


Innate Abilities, Weirdness & Mutations

You have temporarily grown beastly horns.
You are flying.
You are immune to poison.
Your flesh is very heat resistant. (rF++)
You are vulnerable to cold. (rC-)
You float through the air rather than walking.
You learn spells naturally, not from books.
Your magical power is your life essence.
You have superior vitality. (+4 HP)


Message History

You hit the white imp but do no damage. The white imp closely misses you.
You closely miss the white imp. The white imp hits you.
The white imp freezes you.
You feel a terrible chill!
You barely miss the white imp. The white imp barely misses you.
You barely miss the white imp. You barely miss the white imp.
You headbutt the white imp.
The white imp is heavily wounded.
The white imp hits you. The white imp freezes you!
You feel a terrible chill!
You hit the white imp.
The white imp is almost dead.
The white imp gestures at you. The puff of frost misses you.
You closely miss the white imp.
The white imp is almost dead.
The white imp gestures at you. The puff of frost hits you.
You feel a terrible chill!
You hit the white imp but do no damage.
You headbutt the white imp, but do no damage.
The white imp is almost dead.
The white imp closely misses you.
You hit the white imp but do no damage.
The white imp is almost dead.
The white imp closely misses you.
You barely miss the white imp.
The white imp is severely wounded.
The white imp hits you. The white imp freezes you!
You feel a terrible chill!
* * * LOW HITPOINT WARNING * * *
You hit the white imp but do no damage. Your headbutt misses the white imp.
Your punch misses the white imp.
The white imp is severely wounded.
The white imp misses you.
You hit the white imp.
The white imp is almost dead.
The white imp hits you.
* * * LOW HITPOINT WARNING * * *
The white imp freezes you!
You feel a terrible chill!
* * * LOW HITPOINT WARNING * * *
The white imp gestures at you. The puff of frost hits you!
You feel a terrible chill!
You die...

#.# #########.##
#.# #.# #.# #.#
#.# #.# #.# #.#
#.# #.# #.#
######.#
##.#######......#
#..@.5..##.###..#
##<####.##.# #..#
### #.##.###.##
#.##...>.#
#........#
#........#
##......).#
#........## ##
#........#


You could see a white imp.

Vanquished Creatures
  An ogre (D:4)
  A kobold brigand (D:3)
  A hound (D:5)
  2 bullfrog skeletons (D:4)
  An iguana (D:4)
  A hound zombie (D:5)
  3 hound skeletons (D:4)
  3 adders (D:4)
  2 worms (D:3)
  2 dart slugs
  3 orcs (D:3)
  9 endoplasms
  A giant cockroach (D:4)
  4 goblins
  4 hobgoblins
  7 jackals
  A quokka (D:1)
  4 ball pythons
  4 bats
  A frilled lizard (D:3)
  20 kobolds
  6 rats
81 creatures vanquished.

Vanquished Creatures (others)
  12 plants (D:3)
12 creatures vanquished.

Grand Total: 93 creatures vanquished

Notes
Turn   | Place    | Note
-------+----------+-------------------------------------------
     0 | D:1      | soylentgreeen202 the Djinni Transmuter began the quest for
                  | the Orb.
     0 | D:1      | Reached XP level 1. HP: 17/17 MP: 0/0
   511 | D:1      | Reached XP level 2. HP: 21/22 MP: 0/0
   549 | D:1      | You are sucked into a shaft and drop 1 floor!
  1027 | D:2      | Found a stormy altar of Qazlal.
  1089 | D:2      | Reached XP level 3. HP: 26/27 MP: 0/0
  1089 | D:2      | Learned a level 1 spell: Sting
  2031 | D:3      | Reached XP level 4. HP: 18/32 MP: 0/0
  2258 | D:3      | Found a hazy altar of Hepliaklqana.
  2372 | D:3      | Found a faded altar of an unknown god.
  2383 | D:3      | Became a worshipper of Warmaster Okawaru
  2383 | D:3      | Reached * piety under Okawaru
  2456 | D:3      | Noticed a kobold brigand
  2475 | D:3      | Killed a kobold brigand
  2476 | D:3      | Reached XP level 5. HP: 21/39 MP: 0/0
  2476 | D:3      | Learned a level 2 spell: Passwall
  2759 | D:4      | Found a sparkling altar of Nemelex Xobeh.
  2963 | D:5      | Entered Level 5 of the Dungeon
  3000 | D:4      | Reached XP level 6. HP: 24/46 MP: 0/0
  3174 | D:4      | Found a shadowy altar of Dithmenos.
  3415 | D:4      | Reached ** piety under Okawaru
  3549 | D:5      | Reached XP level 7. HP: 51/52 MP: 0/0
  3549 | D:5      | Learned a level 3 spell: Mephitic Cloud
  3693 | D:5      | Killed from afar by a white imp

Illustrated notes

Levels and vault maps discovered:
D:1:      ncdulo_wetmaze, layout_loops_cross
D:2:      layout_loops_cross, basic_altar
D:3:      cheibrodos_thug_alley, layout_rooms, nzn_hepliaklqana_mist_gate,
          ebering_ecumenical_altar_rust, lexackson_kobold_supper
D:4:      layout_rooms, nemelex_diamond_rough_becter, overflow_temple_1_default,
          kennysheep_generic_room_13
D:5:      layout_loops_ring, amcnicky_mini_pool_medium

Skill      XL: |  1  2  3  4  5  6 |
---------------+-------------------+-----
Spellcasting   | 2 3 4 |  4.4
Fighting       | 2 3 4 |  4.0
Unarmed Combat | 4 |  4.0
Armour         | |  0.6
Dodging        | |  2.1

Action                   |  1- 3 |  4- 6 |  7- 9 || total
-------------------------+-------+-------+-------++-------
Melee: Unarmed           |   141 |   176 |    12 ||   329
       Dagger            |     9 |       |       ||     9
       Headbutt          |    16 |    28 |     2 ||    46
       Punch             |     4 |     1 |       ||     5
Throw: Stone             |     6 |       |       ||     6
       Dart              |     6 |    15 |       ||    21
 Cast: Beastly Appendage |    27 |    23 |     1 ||    51
       Wereblood         |     2 |       |       ||     2
       Spider Form       |       |     4 |       ||     4
Invok: Heroism           |       |     3 |       ||     3
 Stab: Sleeping          |     2 |       |       ||     2
Armor: Robe              |    23 |    15 |       ||    38
       Leather armour    |       |     4 |       ||     4
Dodge: Dodged            |    78 |   103 |     6 ||   187

Table legend: (Time is in decaauts)
 A = Elapsed time spent in this place.
 B = Non-inter-level travel time spent in this place.
 C = Inter-level travel time spent in this place.
 D = Time resting spent in this place.
 E = Time spent auto-exploring this place.
 F = Levels seen in this place.
 G = Mean time per level.
                   A        B        C        D        E       F      G
               +--------+--------+--------+--------+--------+-----+--------+
         Total |   3682 |   3315 |    367 |     96 |   1303 |   5 |  736.4 |
       Dungeon |   3682 |   3315 |    367 |     96 |   1303 |   5 |  736.4 |
               +--------+--------+--------+--------+--------+-----+--------+

Top non-repeatable levels by time:
     D:3: 987 daAuts
     D:1: 877 daAuts
     D:4: 833 daAuts
     D:2: 745 daAuts
     D:5: 239 daAuts
